[Event "Titled Tuesday Blitz August 02 Early 2022"]
[White "Saydaliev, Saidakbar"]
[Black "Ponce Cano, Adrian"]
[WhiteFideId "14203693"]
[BlackFideId "22296913"]
[WhiteElo "2265"]
[BlackElo "2261"]
[Result "1-0"]
[Round "10"]
[TimeControl "180+1"]
[Date "2022.08.02"]
[WhiteClock "0:00:09"]
[BlackClock "0:00:07"]

1. e4 c5 2. Nf3 a6 3. c3 d5 4. e5 d4 5. cxd4 cxd4 6. h3 Nc6 7. Bc4 e6 8. O-O Bc5 9. a3 b5 10. Ba2 Nge7 11. d3 O-O 12. Nbd2 Ng6 13. Re1 Bb6 14. Nf1 Bc7 15. Ng3 Ncxe5 16. Nxe5 Bxe5 17. Ne4 Bc7 18. Bg5 Qd7 19. Qh5 Bd8 20. Bxd8 Qxd8 21. Ng5 h6 22. Nxf7 Qf6 23. Nd6 Qxf2+ 24. Kh2 Qf4+ 25. Kh1 Qxd6 26. Qxg6 Rf6 27. Qe4 Ra7 28. Rac1 Bd7 29. b4 Kh8 30. Rc5 Rc7 31. Rxc7 Qxc7 32. Qxd4 Bc8 33. Qe5 Qc2 34. Bb1 Qf2 35. d4 Bb7 36. Rg1 Bd5 37. Be4 Bxe4 38. Qxe4 Qf5 39. Qa8+ Rf8 40. Qxa6 Rd8 41. Re1 Rxd4 42. Qxe6 Qf2 43. Qe8+ Kh7 44. Qe3 Qf6 45. Kg1 Rf4 46. Qd3+ Rf5 47. Rf1 Qb6+ 48. Kh1 g6 49. Rxf5 gxf5 50. Qxf5+ Kg7 51. Qc5 Qe6 52. Qxb5 Qe1+ 53. Kh2 Qd2 54. Qe5+ Kg6 55. Qg3+ Kf5 56. b5 Qd4 57. a4 Qb6 58. Qf3+ Kg6 59. Qc6+ Kg5 60. Qxb6 1-0


[Site "https://www.chess.com"]

[Event "Titled Tuesday Blitz August 02 Early 2022"]
[White "Seo, Jung Min"]
[Black "Vachylia, Andrii"]
[WhiteFideId "1734687"]
[BlackFideId "14137224"]
[WhiteElo "2414"]
[BlackElo "2318"]
[Result "1-0"]
[Round "10"]
[TimeControl "180+1"]
[Date "2022.08.02"]
[WhiteClock "0:00:12"]
[BlackClock "0:00:07"]

1. d4 Nf6 2. c4 e6 3. Nf3 b6 4. g3 Bb7 5. Bg2 Be7 6. O-O d5 7. Ne5 O-O 8. Nc3 Re8 9. Re1 h6 10. Rb1 Na6 11. a3 c5 12. dxc5 Nxc5 13. cxd5 exd5 14. Nf3 Nfe4 15. Nb5 Bf6 16. Be3 Qd7 17. Nbd4 Rac8 18. Nd2 Nd6 19. N2f3 Nc4 20. Bc1 Ne4 21. e3 g5 22. h3 h5 23. Ra1 Bg7 24. Nh2 h4 25. g4 Ba6 26. Nhf3 Ne5 27. Nxe5 Bxe5 28. Nf5 Bb8 29. Qd4 Be5 30. Qd1 Qc7 31. Bxe4 dxe4 32. Bd2 Rcd8 33. Qa4 Rxd2 34. Qxe8+ Kh7 35. Rac1 Bc4 36. Ne7 Bh2+ 37. Kh1 Rxf2 38. Qg8+ Kh6 39. Qh8# 1-0


[Site "https://www.chess.com"]

[Event "Titled Tuesday Blitz August 02 Early 2022"]
[White "Sevian, Samuel"]
[Black "Fedoseev, Vladimir"]
[WhiteFideId "2040506"]
[BlackFideId "24130737"]
[WhiteElo "2692"]
[BlackElo "2726"]
[Result "1/2-1/2"]
[Round "10"]
[TimeControl "180+1"]
[Date "2022.08.02"]
[WhiteClock "0:00:03"]
[BlackClock "0:00:05"]

1. c4 e5 2. Nc3 Nc6 3. Nf3 Nf6 4. g3 Bb4 5. Bg2 Bxc3 6. bxc3 O-O 7. O-O e4 8. Ng5 Re8 9. f3 e3 10. dxe3 h6 11. Nh3 d6 12. Nf4 Ne5 13. c5 dxc5 14. e4 b6 15. Qc2 Ba6 16. g4 Qe7 17. Be3 Rad8 18. Rad1 Rxd1 19. Rxd1 Bc4 20. h4 Rd8 21. Rf1 g5 22. Nh3 Nh7 23. Nf2 Nf8 24. hxg5 hxg5 25. Nh1 Ne6 26. Ng3 f6 27. Nf5 Qd7 28. Bh3 Kf7 29. Kf2 Rh8 30. Rh1 Ng6 31. Qc1 Ngf4 32. Bg2 Rxh1 33. Qxh1 Kg8 34. Bf1 Qh7 35. Qxh7+ Kxh7 36. a3 Ng6 37. Ke1 Kg8 38. Bf2 Kf7 39. Bg3 Ne5 40. Ne3 Bb3 41. Nd5 Bxd5 42. exd5 Nf4 43. e4 Ke7 44. Kd2 Kd6 45. Ke3 Neg6 46. Bb5 Ke5 47. Bd7 Ne7 48. c4 Ng6 49. Bc8 Nh4 50. Bf2 Nhg2+ 51. Kd2 Kd6 52. Bg3 Ke5 53. Bf2 Kd6 54. Bg3 Nh4 55. Ke3 Ke5 56. Bf2 Nhg6 57. Bg3 Nh4 1/2-1/2


[Site "https://www.chess.com"]

[Event "Titled Tuesday Blitz August 02 Early 2022"]
[White "Shimanov, Aleksandr"]
[Black "Piesik, Piotr"]
[WhiteFideId "4198603"]
[BlackFideId "1136194"]
[WhiteElo "2605"]
[BlackElo "2242"]
[Result "0-1"]
[Round "10"]
[TimeControl "180+1"]
[Date "2022.08.02"]
[WhiteClock "0:00:03"]
[BlackClock "0:00:04"]

1. b3 d5 2. Bb2 c5 3. e3 a6 4. Nf3 Nc6 5. d4 Bg4 6. dxc5 e6 7. a3 a5 8. h3 Bh5 9. Bb5 Nf6 10. g4 Bg6 11. Ne5 Qc7 12. b4 axb4 13. axb4 Rxa1 14. Bxa1 Nd7 15. Nxd7 Qxd7 16. Nd2 f6 17. h4 Be7 18. h5 Bf7 19. Nb3 O-O 20. f4 e5 21. f5 h6 22. O-O Rb8 23. Qe2 Qc7 24. Bc3 b6 25. Bxc6 Qxc6 26. b5 Qc8 27. c6 Ra8 28. Ra1 Rxa1+ 29. Bxa1 Qa8 30. Bc3 Bd6 31. Be1 Qa4 32. Bf2 Bc7 33. Kg2 Kf8 34. Kg1 Ke8 35. Be1 Qe4 36. Bd2 Qxc2 37. Nc1 Qb1 38. Qd3 Qb2 39. Kf2 Bd6 40. Ke1 Bb4 41. Ne2 Bxd2+ 42. Qxd2 Qxb5 43. Qc3 Qc5 44. Qa1 Qxc6 45. Qa7 Kf8 46. Qb8+ Be8 47. Kd2 Kg8 48. Nc1 d4 49. exd4 exd4 50. Ne2 Kh7 51. Qf4 Qg2 52. Qxd4 Bb5 53. Qe3 Qxg4 54. Nd4 Bc4 55. Kc3 b5 56. Kb4 Qxh5 57. Qe4 Qg5 58. Ne6 Qd2+ 59. Kc5 Kg8 60. Nd4 Bf7 61. Nxb5 Qc1+ 62. Kb6 Qc8 63. Nd4 Qd8+ 64. Kc5 Qc7+ 65. Nc6 Kf8 66. Kd4 Qd6+ 67. Ke3 Bd5 68. Qb4 Qxb4 69. Nxb4 Bb7 70. Kf4 Kf7 71. Nd3 g6 72. fxg6+ Kxg6 73. Nf2 h5 74. Kg3 Kg5 75. Nh3+ Kf5 76. Kh4 Bf3 77. Kg3 Bg4 78. Nf2 Kg5 79. Ne4+ Kf5 80. Nf2 Be2 81. Nh3 Ke4 82. Nf2+ Ke3 83. Nh3 f5 84. Kh4 f4 85. Kg5 f3 86. Nf4 f2 87. Nd5+ Kd2 88. Ne3 Kxe3 0-1


[Site "https://www.chess.com"]

[Event "Titled Tuesday Blitz August 02 Early 2022"]
[White "Shipov, Sergei"]
[Black "Costachi, Mihnea"]
[WhiteFideId "4113624"]
[BlackFideId "1217518"]
[WhiteElo "2772"]
[BlackElo "2477"]
[Result "0-1"]
[Round "10"]
[TimeControl "180+1"]
[Date "2022.08.02"]
[WhiteClock "0:02:07"]
[BlackClock "0:02:48"]

1. d4 Nf6 2. c4 c6 3. Nc3 d5 4. Nf3 a6 5. h3 g6 6. cxd5 cxd5 7. Bf4 Nc6 8. e3 Bg7 9. Bd3 O-O 10. O-O b5 11. Rc1 Bb7 12. a4 b4 13. Nb1 Qb6 14. Nbd2 Rfc8 15. Nb3 Nd7 16. Qe2 Na5 17. Nfd2 Nxb3 18. Nxb3 e5 19. a5 Qd8 20. dxe5 Nxe5 21. Bxe5 Bxe5 22. Nc5 Qe7 23. Rfd1 Rxc5 0-1


[Site "https://www.chess.com"]

[Event "Titled Tuesday Blitz August 02 Early 2022"]
[White "Shkapenko, Pavel"]
[Black "Leenhouts, Koen"]
[WhiteFideId "4151933"]
[BlackFideId "1008439"]
[WhiteElo "2386"]
[BlackElo "2409"]
[Result "1-0"]
[Round "10"]
[TimeControl "180+1"]
[Date "2022.08.02"]
[WhiteClock "0:01:41"]
[BlackClock "0:01:59"]

1. e4 c5 2. c3 Nf6 3. e5 Nd5 4. d4 cxd4 5. cxd4 d6 6. Nf3 e6 7. Nc3 Nxc3 8. bxc3 Qc7 9. Bd2 b6 10. Bb5+ Nd7 11. Ng5 Be7 12. Qh5 Bxg5 13. Qxg5 O-O 14. Qg3 Kh8 15. exd6 Qd8 16. O-O Bb7 17. Rfe1 Nf6 18. Bd3 Qd7 19. Bg5 Ne8 20. Be7 Rg8 21. Bxh7 Nxd6 22. Bd3 1-0


[Site "https://www.chess.com"]

[Event "Titled Tuesday Blitz August 02 Early 2022"]
[White "Skliarov, Viktor"]
[Black "Aditya Mittal"]
[WhiteFideId "14106736"]
[BlackFideId "35042025"]
[WhiteElo "2257"]
[BlackElo "2303"]
[Result "1-0"]
[Round "10"]
[TimeControl "180+1"]
[Date "2022.08.02"]
[WhiteClock "0:00:21"]
[BlackClock "0:00:19"]

1. e4 c5 2. Nf3 d6 3. d4 cxd4 4. Qxd4 Nf6 5. Nc3 Nc6 6. Bb5 Bd7 7. Bxc6 Bxc6 8. Bg5 e6 9. O-O-O Be7 10. Rhe1 O-O 11. Kb1 Qa5 12. Qd2 Qa6 13. Nd4 Rac8 14. f3 Rfe8 15. g4 b5 16. Nce2 Nd7 17. Bxe7 Rxe7 18. h4 Ne5 19. g5 Rec7 20. h5 Nc4 21. Qc1 d5 22. Nxc6 Rxc6 23. exd5 exd5 24. Nd4 R6c7 25. Re2 Qb6 26. Rde1 Nd6 27. Nf5 Kf8 28. Qf4 Nxf5 29. Qxf5 g6 30. Qe5 Kg8 31. h6 f6 32. Qxd5+ Kf8 33. Re6 Rc5 34. Qd7 Qc7 35. Re8+ 1-0


[Site "https://www.chess.com"]

[Event "Titled Tuesday Blitz August 02 Early 2022"]
[White "Srihari L R"]
[Black "Janaszak, Dawid"]
[WhiteFideId "46617116"]
[BlackFideId "1119206"]
[WhiteElo "2170"]
[BlackElo "2199"]
[Result "1-0"]
[Round "10"]
[TimeControl "180+1"]
[Date "2022.08.02"]
[WhiteClock "0:00:35"]
[BlackClock "0:00:53"]

1. Nf3 d5 2. c4 c6 3. d4 Nf6 4. g3 a6 5. Bg2 Bg4 6. Ne5 Bf5 7. cxd5 cxd5 8. Nc3 e6 9. f3 Bd6 10. e4 Bg6 11. Nxg6 hxg6 12. e5 Nc6 13. exd6 Qxd6 14. O-O O-O-O 15. a3 Nh5 16. Ne2 f6 17. g4 g5 18. gxh5 Rxh5 19. Ng3 Rh4 20. Be3 Rdh8 21. Kf2 Rxh2 22. Rh1 R8h3 23. Ne2 Rxh1 24. Bxh1 Ne7 25. Bg2 Rh2 26. Qc2+ Kd7 27. Rh1 Nf5 28. Qc1 Rxh1 29. Qxh1 Qb6 30. b4 Qb5 31. Bh3 Nh4 32. Qd1 a5 33. bxa5 Qxa5 34. Qb3 b5 35. Nc3 Kc6 36. Bxe6 b4 37. axb4 Qa1 38. Qxd5+ Kb6 39. Qb5+ Kc7 40. Nd5+ 1-0


[Site "https://www.chess.com"]

[Event "Titled Tuesday Blitz August 02 Early 2022"]
[White "Szpar, Milosz"]
[Black "Salem, A.R. Saleh"]
[WhiteFideId "1184989"]
[BlackFideId "9301348"]
[WhiteElo "2422"]
[BlackElo "2679"]
[Result "1-0"]
[Round "10"]
[TimeControl "180+1"]
[Date "2022.08.02"]
[WhiteClock "0:00:33"]
[BlackClock "0:00:11"]

1. Nf3 g6 2. e4 Bg7 3. d4 d6 4. c3 Nf6 5. Bd3 O-O 6. O-O Nc6 7. Re1 e5 8. h3 h6 9. Na3 Re8 10. Nc2 a5 11. b3 Bd7 12. a4 exd4 13. cxd4 d5 14. e5 Ne4 15. Nd2 Nxd4 16. Nxd4 Nxf2 17. Qf3 Nxd3 18. Qxd3 Rxe5 19. Rxe5 Bxe5 20. N2f3 Bg7 21. Ba3 b6 22. Re1 c5 23. Nb5 Bf5 24. Qd2 d4 25. Ne5 Qd5 26. Nc4 Rb8 27. Qf4 Qd8 28. Nc7 Qg5 29. Bc1 Qxf4 30. Bxf4 g5 31. Bg3 Bc2 32. Nd5 Rd8 33. Ndxb6 Bxb3 34. Nxa5 Bd5 35. Bc7 Bf6 36. Bxd8 Bxd8 37. Re8+ 1-0


[Site "https://www.chess.com"]

[Event "Titled Tuesday Blitz August 02 Early 2022"]
[White "Tanenbaum, Zachary"]
[Black "Ovchinnikov, Vsevolod"]
[WhiteFideId "2060850"]
[BlackFideId "24176842"]
[WhiteElo "2175"]
[BlackElo "2376"]
[Result "1/2-1/2"]
[Round "10"]
[TimeControl "180+1"]
[Date "2022.08.02"]
[WhiteClock "0:00:14"]
[BlackClock "0:00:25"]

1. b3 d5 2. Bb2 Nf6 3. Nf3 Bf5 4. e3 e6 5. Be2 Nbd7 6. d3 h6 7. Nbd2 Bd6 8. c4 Qe7 9. O-O O-O 10. Re1 c6 11. a3 e5 12. b4 Rfe8 13. Qb3 Bh7 14. Rac1 e4 15. dxe4 dxe4 16. Nd4 Ne5 17. c5 Bc7 18. h3 a6 19. Rcd1 Rad8 20. Nc4 Nfd7 21. Qc3 Qg5 22. Nd6 Bxd6 23. cxd6 Nd3 24. Bxd3 exd3 25. Nf3 Qf6 26. Rd2 Qxc3 27. Bxc3 Nb6 28. Ne5 Rxe5 29. Bxe5 Nc4 30. Bc3 Nxd2 31. Bxd2 Rxd6 32. f3 f5 33. Rc1 Kf7 34. Rc5 Ke6 35. Kf2 g5 36. g4 Bg6 37. Rc3 Rd7 38. Rc5 Rd5 39. Rc3 h5 40. gxf5+ Rxf5 41. e4 Rf7 42. Ke3 g4 43. hxg4 hxg4 44. fxg4 Rh7 45. Rxd3 Rh3+ 46. Kd4 Rxd3+ 47. Kxd3 Ke5 48. Bc3+ Kf4 49. Kd4 Bxe4 50. Bd2+ Kf3 51. g5 Bd5 52. Kc5 b5 53. g6 Ke4 54. g7 Kf5 55. Kb6 Kg6 56. Bc3 Kf7 57. Kxa6 Kg8 58. Kb6 Bg2 59. Kc5 Bf3 60. Kd6 Bg2 61. Ke6 Bh1 62. Kf6 Bg2 63. Kg5 Bh1 64. Kf4 Bd5 65. Ke3 Bh1 66. Kf2 Bd5 67. Kg3 Bc4 68. Bd4 Bd5 69. Be5 Bc4 70. Kf4 Bd5 71. Ke3 Bh1 72. Kd4 Bg2 73. Kc3 Bh1 74. Kd3 Bg2 75. Bf6 Bh1 76. Kd4 Bg2 77. Kc5 Bh1 78. Bc3 Bg2 79. Bb2 Bh1 80. Kd6 Bg2 81. Ke6 Bh1 82. Kf5 Bg2 83. Kf4 Bh1 84. Kg3 Bd5 85. Kf2 Bh1 86. Ke3 Bd5 87. Kd4 Bh1 88. Kc5 Bg2 89. Kb6 Bh1 90. Ka5 Bg2 91. a4 bxa4 92. Kxa4 Bf1 93. Ka5 Bb5 94. Kb6 Ba4 95. Kc5 Bb5 1/2-1/2


[Site "https://www.chess.com"]

[Event "Titled Tuesday Blitz August 02 Early 2022"]
[White "Vivekananthan, Anish"]
[Black "Mathieu, Phileas"]
[WhiteFideId "2090775"]
[BlackFideId "36048410"]
[WhiteElo "2732"]
[BlackElo "2138"]
[Result "1-0"]
[Round "10"]
[TimeControl "180+1"]
[Date "2022.08.02"]
[WhiteClock "0:00:22"]
[BlackClock "0:00:07"]

1. d4 Nf6 2. Nf3 e6 3. c4 d5 4. Nc3 c6 5. e3 Nbd7 6. Be2 Bd6 7. O-O O-O 8. b3 Ne4 9. Bb2 f5 10. Bd3 g5 11. Ne2 g4 12. Ne5 Nxe5 13. dxe5 Bc5 14. Nf4 Qg5 15. Qc1 b6 16. Ba3 Bxa3 17. Qxa3 Nc5 18. b4 Nxd3 19. Qxd3 Qg7 20. b5 Qxe5 21. bxc6 Ba6 22. Qd4 Qxd4 23. exd4 e5 24. dxe5 Bxc4 25. Rfd1 Rfe8 26. Nxd5 Rxe5 27. Ne3 Be6 28. Rac1 Rc8 29. c7 Kf7 30. Rd8 f4 31. Nc4 Bxc4 32. Rxc8 Be6 33. Ra8 Ra5 34. c8=Q Bxc8 35. Rcxc8 Rxa2 36. Rc7+ Kg6 37. Rcxa7 Rb2 38. Ra1 h5 39. h3 g3 40. fxg3 fxg3 41. Rg8+ Kf5 42. Rxg3 b5 43. Rf3+ Ke4 44. Re1+ Kd4 45. Rd1+ Ke4 46. Rf2 Rb3 47. Re1+ Kd5 48. Rf5+ Kc4 49. Rxh5 Rb2 50. Re4+ Kb3 51. Rxb5+ 1-0


[Site "https://www.chess.com"]

[Event "Titled Tuesday Blitz August 02 Early 2022"]
[White "Vlassov, Nikolai"]
[Black "Hafiz, Arif Abdul"]
[WhiteFideId "4103360"]
[BlackFideId "7104227"]
[WhiteElo "2324"]
[BlackElo "2198"]
[Result "0-1"]
[Round "10"]
[TimeControl "180+1"]
[Date "2022.08.02"]
[WhiteClock "0:00:31"]
[BlackClock "0:00:48"]

1. e4 Nc6 2. d4 d5 3. Nc3 dxe4 4. d5 Nb8 5. Bf4 Nf6 6. Nb5 Na6 7. c4 e6 8. Qa4 Bb4+ 9. Nc3+ Bd7 10. Qb3 O-O 11. O-O-O exd5 12. cxd5 Bd6 13. Bxd6 cxd6 14. Bxa6 bxa6 15. Nge2 Rb8 16. Qa3 Qb6 17. Rd4 Rfc8 18. Rhd1 Ng4 19. R1d2 Nxf2 20. Kb1 e3 21. Rc2 Bf5 22. Ra4 Nd1 23. Rxa6 Qxb2+ 24. Qxb2 Rxb2+ 25. Kc1 Rxc2+ 26. Kxd1 R2xc3 27. Nxc3 Rxc3 28. Rxa7 Bg4+ 0-1


[Site "https://www.chess.com"]

[Event "Titled Tuesday Blitz August 02 Early 2022"]
[White "Wagner, Dennis"]
[Black "Shuvalov, Evgenij"]
[WhiteFideId "24650684"]
[BlackFideId "4187237"]
[WhiteElo "2355"]
[BlackElo "2042"]
[Result "1-0"]
[Round "10"]
[TimeControl "180+1"]
[Date "2022.08.02"]
[WhiteClock "0:00:26"]
[BlackClock "0:00:10"]

1. e4 e6 2. d4 d5 3. Nd2 c5 4. exd5 exd5 5. Bb5+ Nc6 6. Ngf3 Qe7+ 7. Qe2 Qxe2+ 8. Kxe2 a6 9. Bxc6+ bxc6 10. Re1 f6 11. Nb3 cxd4 12. Nfxd4 c5 13. Kf1+ Kf7 14. Nc6 Bf5 15. c3 Ne7 16. Nca5 Ng6 17. Be3 Rc8 18. Nb7 c4 19. N3a5 Ne5 20. Bb6 Be7 21. f3 h5 22. Re3 g5 23. Rae1 Rhe8 24. Bd4 Bf8 25. Bxe5 fxe5 26. Rxe5 Rxe5 27. Rxe5 Be6 28. Rxg5 h4 29. Rh5 h3 30. g4 Bg7 31. Rxh3 Rh8 32. Rxh8 Bxh8 33. Nc6 Bd7 34. Nd4 Be5 35. Na5 Kf6 36. Nac6 Bxc6 37. Nxc6 Bxh2 38. Ke2 Bd6 39. Ke3 Bc5+ 40. Nd4 Kg5 41. Ke2 Kf4 42. Ne6+ Kg3 43. Nxc5 1-0


[Site "https://www.chess.com"]

[Event "Titled Tuesday Blitz August 02 Early 2022"]
[White "Weetik, Vjacheslav"]
[Black "Ianov, Viktor"]
[WhiteFideId "4153472"]
[BlackFideId "14102730"]
[WhiteElo "2469"]
[BlackElo "2152"]
[Result "0-1"]
[Round "10"]
[TimeControl "180+1"]
[Date "2022.08.02"]
[WhiteClock "0:00:07"]
[BlackClock "0:01:33"]

1. d4 d6 2. e4 Nf6 3. Nc3 c6 4. h3 Nbd7 5. g4 e5 6. Bg2 g6 7. Nge2 Bg7 8. Be3 O-O 9. O-O b5 10. Ng3 Nb6 11. b3 Qc7 12. Qd2 Bb7 13. f4 exf4 14. Bxf4 Rae8 15. g5 Nfd7 16. Kh1 Re6 17. Rae1 b4 18. Nd1 c5 19. d5 Ree8 20. Nf2 Ne5 21. Ng4 Nbd7 22. Nh6+ Kh8 23. Rf2 f6 24. Ref1 Ba6 25. Re1 Nf7 26. h4 fxg5 27. hxg5 Nxh6 28. gxh6 Bc3 29. Qc1 Bxe1 30. Qxe1 Ne5 31. Bh3 Qe7 32. Kg2 Bc8 33. Bxc8 Rxc8 34. Qf1 Kg8 35. Qh1 Rf7 36. Qh3 Rcf8 37. Be3 Rxf2+ 38. Bxf2 Qf7 39. Bg1 Qf3+ 40. Kh2 Ng4+ 0-1


[Site "https://www.chess.com"]

[Event "Titled Tuesday Blitz August 02 Early 2022"]
[White "Xu, Yi"]
[Black "Izoria, Zviad"]
[WhiteFideId "8605564"]
[BlackFideId "13601733"]
[WhiteElo "2471"]
[BlackElo "2626"]
[Result "0-1"]
[Round "10"]
[TimeControl "180+1"]
[Date "2022.08.02"]
[WhiteClock "0:00:04"]
[BlackClock "0:00:10"]

1. e4 c5 2. Nf3 a6 3. c3 e6 4. d4 d5 5. e5 Bd7 6. Bd3 cxd4 7. cxd4 Bb5 8. O-O Bxd3 9. Qxd3 Ne7 10. Nc3 Nec6 11. h4 Nd7 12. h5 Be7 13. h6 g6 14. Bf4 O-O 15. Rfe1 Rc8 16. Rac1 Nb6 17. Nd2 Nc4 18. b3 Nb4 19. Qg3 Nb2 20. Re3 Bh4 21. Qf3 Bg5 22. Bxg5 Qxg5 23. a3 Nc6 24. Qh3 Nxd4 25. Nf3 Nxf3+ 26. Qxf3 d4 27. Rce1 dxe3 28. Ne4 Qxe5 29. Nf6+ Kh8 30. fxe3 Qf5 31. Nd7 Qxf3 32. gxf3 Rfd8 33. Ne5 Rd1 34. Nxf7+ Kg8 0-1


[Site "https://www.chess.com"]

[Event "Titled Tuesday Blitz August 02 Early 2022"]
[White "Zhigalko, Sergei"]
[Black "Begunov, Konstantin"]
[WhiteFideId "13502956"]
[BlackFideId "4118510"]
[WhiteElo "2662"]
[BlackElo "2262"]
[Result "1-0"]
[Round "10"]
[TimeControl "180+1"]
[Date "2022.08.02"]
[WhiteClock "0:01:59"]
[BlackClock "0:00:27"]

1. e4 c5 2. Nf3 d6 3. d4 cxd4 4. Qxd4 Nf6 5. Nc3 a6 6. Bc4 Nc6 7. Qd3 Bg4 8. Bb3 Bxf3 9. Qxf3 Nd4 10. Qd3 Nxb3 11. axb3 e6 12. Bf4 Qc7 13. O-O Be7 14. Nb5 Qc6 15. Nxd6+ Bxd6 16. Bxd6 Nxe4 17. Ba3 Rd8 18. Qf3 f5 19. Qh5+ g6 20. Qh4 Kf7 21. Qe7+ 1-0


[Site "https://www.chess.com"]

[Event "Titled Tuesday Blitz August 02 Early 2022"]
[White "Agasarov, Benik"]
[Black "Xu, Yi"]
[WhiteFideId "13314823"]
[BlackFideId "8605564"]
[WhiteElo "2738"]
[BlackElo "2471"]
[Result "0-1"]
[Round "11"]
[TimeControl "180+1"]
[Date "2022.08.02"]
[WhiteClock "0:01:07"]
[BlackClock "0:01:02"]

1. e4 c6 2. d4 d5 3. exd5 cxd5 4. Bd3 Nc6 5. c3 g6 6. h3 Bf5 7. Bxf5 gxf5 8. Nf3 e6 9. Bf4 Bd6 10. Bxd6 Qxd6 11. Nbd2 Nf6 12. a4 Rg8 13. O-O Ne4 14. Kh1 O-O-O 15. Nxe4 fxe4 16. Nh2 f5 17. a5 a6 18. b4 Na7 19. Rc1 Kb8 20. Qh5 Rd7 21. Rg1 Nb5 22. Nf1 Rc7 23. Ne3 Rgc8 24. c4 dxc4 25. Rgd1 Nxd4 26. Nc2 e5 27. Nxd4 exd4 28. Qxf5 d3 29. Qxe4 d2 30. Rc3 Re7 31. Qb1 Rce8 32. Rg3 Re1+ 33. Kh2 Rxd1 34. Qxd1 Re1 0-1


[Site "https://www.chess.com"]

[Event "Titled Tuesday Blitz August 02 Early 2022"]
[White "Aldokhin, Ivan"]
[Black "Tica, Sven"]
[WhiteFideId "24115720"]
[BlackFideId "14526948"]
[WhiteElo "2246"]
[BlackElo "2346"]
[Result "0-1"]
[Round "11"]
[TimeControl "180+1"]
[Date "2022.08.02"]
[WhiteClock "0:00:03"]
[BlackClock "0:00:58"]

1. e4 g6 2. d4 Bg7 3. Nc3 a6 4. Bg5 b5 5. Nf3 Bb7 6. Bd3 h6 7. Be3 d6 8. Qd2 Nd7 9. a4 b4 10. Ne2 c5 11. c3 bxc3 12. bxc3 Ngf6 13. Ng3 Ng4 14. O-O Nxe3 15. Qxe3 cxd4 16. cxd4 O-O 17. Rab1 Rb8 18. Nh4 e5 19. Nhf5 gxf5 20. Nxf5 exd4 21. Qg3 Qf6 22. Nxd6 Bc6 23. Nf5 Ne5 24. f4 Nxd3 25. Qxd3 Bd7 26. Ng3 Rxb1 27. Qxb1 Bxa4 28. e5 Qc6 29. Nf5 Qc2 30. Ne7+ Kh7 31. Qb4 Bb5 32. Ra1 Qe4 33. Qd2 Qe3+ 34. Qxe3 dxe3 35. Nf5 e2 36. Kf2 Rd8 37. Nd6 Rxd6 38. Rb1 Rd1 0-1


[Site "https://www.chess.com"]

[Event "Titled Tuesday Blitz August 02 Early 2022"]
[White "Aradhya, Garg"]
[Black "Andreikin, Dmitry"]
[WhiteFideId "25006746"]
[BlackFideId "4158814"]
[WhiteElo "2203"]
[BlackElo "2736"]
[Result "1/2-1/2"]
[Round "11"]
[TimeControl "180+1"]
[Date "2022.08.02"]
[WhiteClock "0:01:06"]
[BlackClock "0:01:56"]

1. d4 Nf6 2. c4 c6 3. Nc3 d5 4. e3 a6 5. Nf3 Bg4 6. Qb3 b5 7. cxd5 Bxf3 8. gxf3 cxd5 9. Bd2 e6 10. Bd3 Nc6 11. Nxb5 Be7 12. Nc3 O-O 13. Qd1 e5 14. dxe5 Nxe5 15. Be2 d4 16. exd4 Qxd4 17. Be3 Qb4 18. Qd4 Qa5 19. Qb6 Qxb6 20. Bxb6 Rab8 21. Bc7 Rxb2 22. Bxe5 Bb4 23. Kf1 Re8 24. Bxf6 gxf6 25. Ne4 Kf8 26. Bxa6 f5 27. a3 Ba5 28. Ng3 Bb6 29. Be2 f4 30. Ne4 f5 31. Nc3 Bd4 32. Rb1 Bxc3 33. Rxb2 Bxb2 34. a4 Bc3 35. Bd3 Re1+ 36. Kg2 Rxh1 37. Kxh1 Kg7 38. Bxf5 h5 39. Kg2 Kf6 40. Bc2 h4 41. Kf1 Ke5 42. Ke2 Kd4 43. h3 Ba5 44. Bg6 Kc3 45. Be8 Bb4 46. Bb5 Ba5 47. Kd1 Bb4 48. Kc1 Ba5 49. Kb1 Bb4 50. Ka2 Ba5 51. Bd7 Bb4 52. Bf5 Ba5 53. Be6 Bb4 54. a5 Bxa5 55. Ka3 Bb6 56. Ka4 Bxf2 57. Kb5 Bg3 58. Kc5 Kd3 59. Bg4 Ke3 60. Kd5 Kf2 61. Ke5 Kg2 62. Kf5 Kg1 63. Kg5 Kg2 64. Kf5 Kg1 65. Kg5 Kg2 66. Kf5 1/2-1/2


[Site "https://www.chess.com"]

[Event "Titled Tuesday Blitz August 02 Early 2022"]
[White "Begunov, Konstantin"]
[Black "Khabinets, Ivan"]
[WhiteFideId "4118510"]
[BlackFideId "14115980"]
[WhiteElo "2262"]
[BlackElo "2114"]
[Result "1-0"]
[Round "11"]
[TimeControl "180+1"]
[Date "2022.08.02"]
[WhiteClock "0:00:03"]
[BlackClock "0:00:08"]

1. d4 d5 2. c3 Nf6 3. Bg5 e6 4. Nd2 c5 5. e3 Nc6 6. Ngf3 Be7 7. Bd3 O-O 8. O-O b6 9. Qe2 h6 10. Bh4 Bb7 11. Rfd1 Rc8 12. a3 Qc7 13. dxc5 bxc5 14. c4 d4 15. exd4 cxd4 16. b4 Rcd8 17. c5 Nd5 18. Bg3 Qd7 19. Re1 Nc3 20. Qf1 Ba8 21. Nc4 f6 22. Bd6 e5 23. Nh4 Bxd6 24. Nxd6 Qg4 25. Ng6 e4 26. Bc4+ Kh7 27. Nxf8+ Rxf8 28. f3 exf3 29. Qxf3 Qxf3 30. gxf3 Ne5 31. Kf2 Nxf3 32. Re7 Ne5 33. Rg1 Ne4+ 34. Nxe4 Bxe4 35. Rgxg7+ Kh8 36. Bb3 d3 37. Ke3 Bf5 38. c6 Rd8 39. c7 Rc8 40. Rxe5 fxe5 41. Re7 e4 42. b5 Bg6 43. a4 Rf8 44. a5 Rf3+ 45. Kd2 Rf2+ 46. Kc3 Bf5 47. b6 axb6 48. axb6 d2 49. b7 Rf3+ 50. Kxd2 Rxb3 51. b8=Q+ Bc8 52. Qxc8# 1-0


[Site "https://www.chess.com"]

[Event "Titled Tuesday Blitz August 02 Early 2022"]
[White "Boros, Denes"]
[Black "Pinheiro, Iung Alicio de O."]
[WhiteFideId "722340"]
[BlackFideId "2104350"]
[WhiteElo "2464"]
[BlackElo "2283"]
[Result "1/2-1/2"]
[Round "11"]
[TimeControl "180+1"]
[Date "2022.08.02"]
[WhiteClock "0:00:24"]
[BlackClock "0:00:15"]

1. e4 c5 2. Nc3 a6 3. d4 cxd4 4. Qxd4 Nc6 5. Qe3 g6 6. Bc4 Bh6 7. Qe2 Bg7 8. Nf3 b5 9. Bb3 Nh6 10. h4 Bb7 11. h5 Rc8 12. Bxh6 Bxh6 13. hxg6 hxg6 14. Ng5 e6 15. f4 Nd4 16. Qd3 Bg7 17. Rxh8+ Bxh8 18. O-O-O Bf6 19. Kb1 b4 20. Nd5 exd5 21. e5 Bxg5 22. Qxd4 Be7 23. Rh1 Qc7 24. Rh8+ Bf8 25. Qxb4 Qc5 26. Qe1 d4 27. a3 Bd5 28. f5 Bxb3 29. cxb3 gxf5 30. Ka2 d3 31. Qd2 Qd5 32. Rxf8+ Kxf8 33. Qh6+ Ke8 34. Qh8+ Ke7 35. Qf6+ Ke8 36. Qh8+ Ke7 37. Qf6+ Ke8 38. Qh8+ 1/2-1/2


[Site "https://www.chess.com"]

[Event "Titled Tuesday Blitz August 02 Early 2022"]
[White "Bortnyk, Olexandr"]
[Black "Ajay, Karthikeyan"]
[WhiteFideId "14120828"]
[BlackFideId "35011685"]
[WhiteElo "2723"]
[BlackElo "2183"]
[Result "1-0"]
[Round "11"]
[TimeControl "180+1"]
[Date "2022.08.02"]
[WhiteClock "0:03:08"]
[BlackClock "0:00:46"]

1. d4 Nf6 2. Nc3 d5 3. Bf4 e6 4. Nb5 Na6 5. e3 c6 6. Nc3 Nc7 7. Nf3 Bd6 8. Ne5 Qe7 9. Qf3 O-O 10. Bd3 c5 11. Qg3 c4 12. Nc6 bxc6 13. Bxd6 Qd7 14. Bxf8 Kxf8 15. Be2 Nb5 16. Nxb5 cxb5 17. f3 b4 18. O-O a5 19. a3 c3 20. bxc3 bxc3 21. Rfb1 Bb7 22. Rb3 a4 23. Rxc3 Rc8 24. Rxc8+ Qxc8 25. Rb1 Ke7 26. Bd3 1-0


[Site "https://www.chess.com"]